 Dungeon Crawl Stone Soup version 0.19.0-19-g8c6edcc (console) character file.

70157 Gottschkopf the Peltast (level 14, -9/114 HPs)
             Began as a Minotaur Fighter on Nov 15, 2016.
             Was the Champion of Hepliaklqana.
             Drowned by a water nymph (12 damage)
             ... on level 2 of the Shoals.
             The game lasted 00:58:53 (19574 turns).

Gottschkopf the Peltast (Minotaur Fighter)         Turns: 19574, Time: 00:58:53

Health: -9/114     AC: 31    Str: 25    XL:     14   Next: 93%
Magic:  11/11      EV: 13    Int:  5    God:    Hepliaklqana [******]
Gold:   1420       SH: 16    Dex: 11    Spells: 0 memorised, 13 levels left

rFire  . . .     SeeInvis +     F - +3 flail (venom)
rCold  + . .     Gourm    .     i - +0 plate armour {rC+}
rNeg   + . .     Faith    .     c - +0 shield
rPois  +         Spirit   .     s - +2 hat
rElec  .         Reflect  +     u - +2 cloak {rPois}
rCorr  .         Harm     .     G - +2 pair of gloves
MR     +....     Clarity  +     V - +2 pair of boots
Stlth  ..........               n - +2 amulet of reflection
                                C - ring of positive energy
                                y - ring of see invisible

@: no status effects
A: retaliatory headbutt, reduced essence, fangs 1, hooves 2, horns 2, yellow
scales 1, camouflage 1, clarity, low mp 1, sense surroundings 1, no device heal
1
a: Recall Ancestor, Ancestor Identity, Transference, Idealise, Renounce Religion


You were on level 2 of the Shoals.
You worshipped Hepliaklqana.
Hepliaklqana was exalted by your worship.
You were not hungry.

You visited 4 branches of the dungeon, and saw 19 of its levels.

You collected 1420 gold pieces.

Inventory:

Hand Weapons
 F - a +3 flail of venom (weapon)
 L - a +0 blowgun
 N - a +0 falchion of holy wrath
Missiles
 v - 5 curare-tipped needles
Armour
 c - a +0 shield (worn)
 i - a +0 plate armour of cold resistance (worn)
 s - a +2 hat (worn)
 u - a +2 cloak of poison resistance (worn)
 G - a +2 pair of gloves (worn)
 V - a +2 pair of boots (worn)
Rods
 p - a +2 rod of inaccuracy (11/11)
   (You found it on level 6 of the Dungeon)
 K - a +1 rod of inaccuracy (9/9)
   (You found it on level 5 of the Lair of Beasts)
Jewellery
 j - an uncursed ring of teleportation
 n - a +2 amulet of reflection (around neck)
 t - an uncursed ring of flight
 y - a ring of see invisible (left hand)
 C - a ring of positive energy (right hand)
Wands
 a - a wand of lightning (7/15)
 r - a wand of digging (8/24)
 I - a wand of enslavement (14/24)
 J - a wand of lightning (7/15)
 M - a wand of paralysis (4/24)
 Q - a wand of confusion (30/48)
 T - a wand of slowing (8/48)
Scrolls
 g - 3 scrolls of fear
 h - a scroll of identify
 k - 7 scrolls of remove curse
 o - 11 scrolls of teleportation
 q - 3 scrolls of amnesia
 O - a scroll of silence
 R - a scroll of magic mapping
 S - a scroll of fog
 Z - a scroll of vulnerability
Potions
 e - 2 potions of curing
 m - a potion of berserk rage
 x - a potion of cure mutation
 z - 2 potions of invisibility
 A - 3 potions of cancellation
 E - a potion of might
 W - a potion of resistance
Miscellaneous
 H - a disc of storms
Comestibles
 b - 7 chunks of flesh
 f - 11 bread rations
 l - 9 meat rations
 w - 4 slices of pizza
 B - 32 fruits
 D - 5 beef jerkies


   Skills:
 + Level 12.7 Fighting
 - Level 14.3 Maces & Flails
 - Level 15.0 Armour
 - Level 12.8 Dodging
 - Level 15.0 Shields


You had 13 spell levels left.
You didn't know any spells.

Dungeon Overview and Level Annotations

Branches:
Dungeon (10/15)            Temple (1/1) D:5            Lair (6/6) D:10
 Shoals (2/4) Lair:4       Spider (0/4) Lair:3        Slime (0/5) Lair:5
    Orc (0/2) D:10

Altars:
Ashenzari
Dithmenos
Fedhas
Gozag
Hepliaklqana
Nemelex Xobeh
Okawaru
Ru
Sif Muna
Trog
Uskayaw
Vehumet
Xom
Jiyva

Shops:
D:7 =[   Shoals:1 (


Innate Abilities, Weirdness & Mutations

You reflexively headbutt those who attack you in melee.
You have a pair of horns on your head.
Your life essence is reduced. (-10% HP)
You have very sharp teeth.
You have hoof-like feet.
You are partially covered in yellow scales. (AC +2)
Your skin changes colour to match your surroundings (Stealth+).
You possess an exceptional clarity of mind.
Your magical capacity is low. (-10% MP)
You passively map a small area around you.
Potions and wands are less effective at restoring your health.


Message History

You start resting.
Some of the chunks of flesh in your inventory have rotted away.
A water nymph comes into view.
You are too injured to fight recklessly!
You are too injured to fight recklessly!
You sock the water nymph!
The water nymph is poisoned.
The water nymph is lightly wounded.
You closely miss the water nymph.
The water nymph is lightly wounded.
The water nymph touches you. The water nymph drowns you!
* * * LOW HITPOINT WARNING * * *
Splash!
You fall into the shallow water.
Moving in this stuff is going to be slow.
You barely miss the water nymph.
The water nymph is lightly wounded.
The water nymph touches you.
* * * LOW HITPOINT WARNING * * *
The water nymph drowns you!
You die...

≈ ≈≈≈≈≈≈≈≈≈≈≈≈≈≈≈≈≈ ≈
≈ ≈≈≈≈≈≈≈≈≈≈...≈≈≈≈≈≈
≈ ≈≈≈≈≈≈≈....≈≈≈≈≈≈ ≈
≈≈≈≈≈≈......≈≈≈≈≈ ≈ ≈
≈ ≈≈≈≈≈≈≈(.# ,≈≈≈≈≈ ≈
≈ ≈≈≈≈≈.≈(##*.≈≈≈≈. ≈
≈ ≈ ≈≈≈≈≈≈≈≈###.≈≈...
≈≈ ≈≈≈≈≈≈.≈mPR.≈≈≈...
, ≈
≈≈≈≈≈≈.≈≈@.≈≈≈≈..#* ≈
≈≈≈≈≈≈≈≈..≈≈≈..## * *
≈≈≈≈≈≈≈≈≈≈≈≈...### *
≈ ≈≈≈≈≈≈≈≈≈≈≈P.P..P.
≈< ≈
≈≈≈≈≈≈≈≈≈≈P≈≈.PP# ≈
≈≈≈≈≈≈≈≈≈..≈P≈≈PP..#
,
≈≈≈≈≈≈≈≈.....≈PPP..#
≈≈≈≈≈≈.....P..PPPP###
≈≈≈≈≈..[...#.).PP....
,


You could see the friendly Kendra the hexer and a water nymph.

Vanquished Creatures
  Rupert (Lair:6)
  2 hydras (Lair:6)
  2 merfolk avatars (Shoals:1)
  A merfolk aquamancer (Shoals:1)
  A tengu warrior (D:10)
  Nergalle (Lair:2)
  Urug (Lair:2)
  3 sea snakes (Shoals:1)
  3 unseen horrors (D:10)
  2 hill giants
  7 harpies
  The ghost of vogonpoet the Cleaver, a novice HOTm of Okawaru (D:6)
  6 manticores
  2 fauns (Shoals:1)
  4 black mambas
  Maurice (D:8)
  A cyclops (Shoals:2)
  8 elephants
  2 sirens (Shoals:1)
  Joseph (D:9)
  3 water nymphs
  A gargoyle (D:10)
  8 spiny frogs
  A rime drake (Lair:6)
  4 komodo dragons
  4 polar bears (Lair:6)
  10 merfolk
  A troll (D:10)
  5 wind drakes
  2 hornets (Lair:6)
  11 blink frogs
  2 snapping turtles
  14 dream sheep
  A two-headed ogre (D:9)
  14 hippogriffs
  Sigmund (D:3)
  2 redbacks (Lair:6)
  14 spriggans (Lair:6)
  5 water elementals (Shoals:1)
  3 wyverns
  3 basilisks
  29 yaks
  2 steam dragons (D:7)
  A hungry ghost (D:9)
  10 water moccasins
  The ghost of Orcmeat the Magician, an amateur SpWz (D:4)
  7 porcupines
  3 sky beasts
  3 orc warriors
  2 ice beasts
  A black bear (Lair:6)
  3 ogres
  13 wolves (Lair:6)
  2 boggarts (Lair:6)
  4 centaurs
  A necrophage (D:7)
  9 crocodiles
  A big kobold (D:9)
  9 bullfrogs
  9 scorpions
  A wyvern skeleton (D:9)
  A howler monkey (D:4)
  8 killer bees
  6 wights (D:8)
  3 electric eels
  A crimson imp (D:5)
  The ghost of Malachi the Caller, a weakling DESu (D:3)
  2 centaur zombies
  A jelly (D:9)
  3 orc wizards
  2 gnoll shamans
  3 orc priests
  A centaur skeleton (D:7)
  2 hounds
  Terence (D:2)
  3 iguanas
  8 worker ants
  16 gnolls
  A howler monkey skeleton (D:8)
  6 adders
  3 river rats (D:10)
  A shadow imp (D:4)
  An ooze (D:3)
  4 adder zombies
  4 worms
  A dart slug (D:1)
  5 leopard geckos
  20 orcs
  6 ball pythons
  4 bats
  3 giant cockroaches
  7 goblins
  6 hobgoblins
  8 jackals
  10 kobolds
  3 quokkas
  A frilled lizard (D:1)
  A quokka skeleton (D:6)
  A quokka zombie (D:7)
  9 rats
437 creatures vanquished.

Vanquished Creatures (collateral kills)
  Louise (Shoals:2)
  2 hydras (Lair:3)
  A catoblepas (Lair:5)
  A merfolk aquamancer (Shoals:1)
  An unseen horror (D:10)
  2 sea snakes
  A harpy (Shoals:2)
  2 fauns (Shoals:1)
  2 elephants (Lair:4)
  A cyclops (D:10)
  A siren (Shoals:1)
  2 black mambas
  2 spiny frogs
  A demonic crawler (Lair:3)
  A hornet (D:7)
  A hippogriff (D:8)
  2 dream sheep (Lair:6)
  A redback (Lair:6)
  A water elemental (Shoals:1)
  2 yaks
  3 water moccasins
  A porcupine (Lair:3)
  A black bear (D:9)
  An ogre (D:10)
  A boggart (Lair:6)
  A wolf (Lair:6)
  A centaur (Shoals:2)
  A crocodile (Lair:4)
  3 bullfrogs
  A water moccasin zombie (D:6)
  3 wights (D:8)
  A killer bee (D:10)
  A quasit (D:6)
  A bullfrog skeleton (D:7)
  A bullfrog zombie (D:8)
  3 orc wizards
  A killer bee zombie (D:9)
  A hound zombie (D:8)
  An adder (D:6)
  2 gnolls (D:9)
  2 river rats (D:10)
  A shadow imp (D:7)
  A leopard gecko (D:8)
  3 orcs (D:7)
  4 bats (D:10)
  A jackal skeleton (D:6)
  2 rats (D:10)
  A fungus (D:10)
72 creatures vanquished.

Vanquished Creatures (others)
  Nessos (Lair:6)
  8 hexers
  2 ancestors
  An adder (D:7)
  An orc (D:7)
  A kobold (D:10)
  12 fungi
  7 plants
33 creatures vanquished.

Grand Total: 542 creatures vanquished

Notes
Turn   | Place    | Note
-------+----------+-------------------------------------------
     0 | D:1      | Gottschkopf the Minotaur Fighter began the quest for the Orb.
     0 | D:1      | Reached XP level 1. HP: 19/19 MP: 0/0
   316 | D:1      | Reached XP level 2. HP: 27/27 MP: 1/1
   715 | D:2      | Reached skill level 5 in Fighting
   715 | D:2      | Reached XP level 3. HP: 36/36 MP: 2/2
  1141 | D:2      | Noticed Terence
  1148 | D:2      | Killed Terence
  1148 | D:2      | Reached XP level 4. HP: 40/44 MP: 3/3
  1424 | D:3      | Noticed Sigmund
  1611 | D:4      | Noticed Orcmeat's ghost (amateur SpWz)
  1623 | D:4      | Killed Orcmeat's ghost
  1623 | D:4      | Reached XP level 5. HP: 38/53 MP: 4/4
  2051 | D:4      | Reached XP level 6. HP: 45/61 MP: 5/5
  2710 | D:4      | Reached XP level 7. HP: 70/70 MP: 6/6
  2821 | D:4      | Found a shadowy altar of Dithmenos.
  3057 | D:4      | Reached skill level 10 in Fighting
  3241 | D:3      | Killed Sigmund
  3241 | D:3      | Reached skill level 5 in Shields
  3477 | D:3      | Noticed Malachi's ghost (weakling DESu)
  3485 | D:3      | Killed Malachi's ghost
  3724 | D:5      | Entered Level 5 of the Dungeon
  3773 | D:5      | Reached XP level 8. HP: 77/79 MP: 7/7
  4042 | D:5      | Found a staircase to the Ecumenical Temple.
  4052 | Temple   | Entered the Ecumenical Temple
  4061 | Temple   | Learned a level 1 spell: Magic Dart
  4073 | Temple   | Became a worshipper of Sif Muna the Loreminder
  4087 | Temple   | Fell from the grace of Sif Muna
  4155 | Temple   | Became a worshipper of Hepliaklqana the Forgotten
  4193 | D:5      | Gained mutation: You have large cloven feet. [potion of mutation]
  4193 | D:5      | Gained mutation: You possess an exceptional clarity of mind. [potion of mutation]
  4193 | D:5      | Gained mutation: Your skin changes colour to match your surroundings (Stealth+). [potion of mutation]
  4194 | D:5      | Gained mutation: You are dopey. (Int -2) [potion of mutation]
  4194 | D:5      | Gained mutation: You have very sharp teeth. [potion of mutation]
  4194 | D:5      | Gained mutation: Your flesh is cold resistant. (rC+) [potion of mutation]
  4195 | D:5      | Lost mutation: You are dopey. (Int -2) [potion of mutation]
  4195 | D:5      | Gained mutation: Your magical capacity is low. (-10% MP) [potion of mutation]
  4195 | D:5      | Gained mutation: You have a pair of large horns on your head. [potion of mutation]
  4257 | D:5      | Gained mutation: You are partially covered in yellow scales. (AC +2) [potion of mutation]
  4257 | D:5      | Gained mutation: You have hoof-like feet. [potion of mutation]
  4791 | D:6      | Noticed vogonpoet's ghost (novice HOTm)
  4836 | D:6      | Killed vogonpoet's ghost
  4836 | D:6      | Reached skill level 10 in Shields
  5118 | D:6      | Reached XP level 9. HP: 64/76 MP: 7/7
  5237 | D:6      | Identified a +2 rod of inaccuracy (11/11) (You found it on level 6 of the Dungeon)
  5373 | D:6      | Lost mutation: Your flesh is cold resistant. (rC+) [mutagenic meat]
  5374 | D:6      | Lost mutation: You have a pair of large horns on your head. [mutagenic meat]
  5375 | D:6      | Gained mutation: Potions and wands are less effective at restoring your health. [mutagenic meat]
  5690 | D:7      | Found Jeomofuy's Jewellery Boutique.
  5929 | D:7      | Found Qeodasin's Armour Emporium.
  6764 | D:8      | Noticed Maurice
  6780 | D:8      | Killed Maurice
  6780 | D:8      | Reached XP level 10. HP: 68/83 MP: 8/8
  6951 | D:8      | Reached * piety under Hepliaklqana
  7530 | D:9      | Reached skill level 15 in Shields
  7657 | D:9      | Reached skill level 5 in Armour
  7770 | D:9      | Noticed a hill giant
  7771 | D:9      | Noticed Joseph
  7775 | D:9      | Killed a hill giant
  7784 | D:9      | Killed Joseph
  7911 | D:9      | Reached ** piety under Hepliaklqana
  7912 | D:9      | Remembered your ancestor Kendra as a hexer
  8140 | D:10     | Entered Level 10 of the Dungeon
  8140 | D:10     | Noticed an unseen horror
  8262 | D:10     | Killed an unseen horror
  8338 | D:10     | Reached XP level 11. HP: 67/90 MP: 4/8
  8487 | D:10     | Noticed a tengu warrior
  8506 | D:10     | Killed a tengu warrior
  8506 | D:10     | Reached skill level 10 in Armour
  8690 | D:10     | Noticed an unseen horror
  8701 | D:10     | Killed an unseen horror
  8734 | D:10     | Gained mutation: You passively map a small area around you. [potion of beneficial mutation]
  8770 | D:10     | Noticed an unseen horror
  8774 | D:10     | Killed an unseen horror
  8812 | D:10     | Found a staircase to the Orcish Mines.
  8820 | D:10     | Reached *** piety under Hepliaklqana
  8886 | D:10     | Found a staircase to the Lair.
  9040 | D:10     | Noticed an unseen horror
  9050 | D:10     | Killed an unseen horror
  9291 | D:10     | Noticed a hill giant
  9299 | D:10     | Killed a hill giant
  9472 | Lair:1   | Entered Level 1 of the Lair of Beasts
 10404 | Lair:2   | Reached **** piety under Hepliaklqana
 10488 | Lair:2   | Noticed Urug
 10502 | Lair:2   | Killed Urug
 10502 | Lair:2   | Reached XP level 12. HP: 59/95 MP: 9/9
 10556 | Lair:2   | Reached skill level 15 in Armour
 10620 | Lair:2   | Was forgiven by Sif Muna
 10769 | Lair:2   | Reached skill level 5 in Maces & Flails
 10809 | Lair:2   | Noticed Nergalle
 10827 | Lair:2   | Killed Nergalle
 11164 | Lair:3   | Noticed an eight-headed hydra
 11181 | Lair:3   | Killed an eight-headed hydra
 11343 | Lair:3   | Found a hole to the Spider Nest.
 11615 | Lair:3   | Noticed an eight-headed hydra
 11624 | Lair:3   | Killed an eight-headed hydra
 11934 | Lair:3   | Reached skill level 10 in Maces & Flails
 12516 | Lair:4   | Reached ***** piety under Hepliaklqana
 12631 | Lair:4   | Found a staircase to the Shoals.
 13054 | Lair:4   | Reached XP level 13. HP: 101/101 MP: 10/10
 13132 | Lair:5   | Identified a +1 rod of inaccuracy (9/9) (You found it on level 5 of the Lair of Beasts)
 14014 | Lair:5   | Found a viscous altar of Jiyva.
 14014 | Lair:5   | Found a staircase to the Slime Pits.
 14454 | Lair:6   | Entered Level 6 of the Lair of Beasts
 14592 | Lair:6   | Reached skill level 1 in Dodging
 15003 | Lair:6   | Reached skill level 5 in Dodging
 15083 | Lair:6   | Noticed Nessos
 15098 | Lair:6   | Killed Nessos
 15133 | Lair:6   | Noticed Rupert
 15161 | Lair:6   | Killed Rupert
 15517 | Lair:6   | Reached XP level 14. HP: 79/108 MP: 11/11
 16056 | Lair:6   | Reached skill level 10 in Dodging
 16156 | Lair:6   | Reached ****** piety under Hepliaklqana
 16367 | Shoals:1 | Entered Level 1 of the Shoals
 16460 | Shoals:1 | Found Gebytedu's Weapon Boutique.
 18975 | Shoals:2 | Noticed Louise
 19003 | Shoals:2 | Killed Louise
 19314 | Shoals:2 | Got a sparkling ruby amulet
 19315 | Shoals:2 | Identified the amulet of Xios {+Rage rN+ Int+2} (You took it off a merfolk on level 2 of the Shoals)
 19497 | Shoals:2 | HP: 2/114 [manticore (4)]
 19503 | Shoals:2 | HP: 2/171 [manticore (8)]
 19510 | Shoals:2 | HP: 6/171 [harpy (5)]
 19574 | Shoals:2 | HP: 3/114 [water nymph (6)]
 19574 | Shoals:2 | Drowned by a water nymph

Skill      XL: |  1  2  3  4  5  6  7  8  9 10 11 12 13 14 |
---------------+-------------------------------------------+-----
Fighting       | 4 5 6 7 8 9 10 12 | 12.7
Shields        | 6 10 14 15 | 15.0
Armour         | 9 14 15 | 15.0
Maces & Flails | 12 14 | 14.3
Dodging        | 9 12 | 12.8

Action                   |  1- 3 |  4- 6 |  7- 9 | 10-12 | 13-15 || total
-------------------------+-------+-------+-------+-------+-------++-------
Melee: Flail             |    86 |    82 |   308 |   598 |   848 ||  1922
       Headbutt          |    15 |    13 |    59 |   131 |   180 ||   398
       Kick              |       |       |    61 |   178 |       ||   239
       Bite              |       |       |    25 |    79 |   109 ||   213
Invok: Ancestor Identity |       |       |     1 |       |       ||     1
       Renounce Religion |       |       |     1 |       |       ||     1
       Recall Ancestor   |       |       |     2 |       |     1 ||     3
       Ancestor Life: He |       |       |       |     1 |       ||     1
  Use: Potion            |       |     2 |     7 |     1 |     4 ||    14
       Scroll            |       |       |    18 |    14 |     3 ||    35
 Stab: Distracted        |       |       |     2 |    10 |     5 ||    17
       Confused          |       |       |       |     2 |     8 ||    10
  Eat: Chunk             |     1 |     5 |    14 |    23 |    17 ||    60
       Royal jelly       |       |       |     1 |       |       ||     1
       Meat ration       |       |       |       |       |     1 ||     1
Armor: Scale mail        |    32 |    46 |    18 |       |       ||    96
       Plate armour      |       |       |    96 |   315 |   386 ||   797
       Skin              |       |       |       |       |    20 ||    20
Dodge: Dodged            |    16 |    26 |    52 |   137 |   244 ||   475
Block: Shield            |    48 |    66 |   209 |   536 |   656 ||  1515
       Reflection        |     1 |     1 |     4 |    14 |    23 ||    43
